 Dungeon Crawl Stone Soup version 0.29-a0-356-g7bc237e783 (webtiles) character file.

Game seed: 18292333972713138423

459 Shayle the Sneak (level 7, -20/41 HPs)
             Began as a Tengu Brigand on Apr 26, 2022.
             Was an Initiate of Ashenzari.
             Engulfed by a cloud of flame (26 damage)
             ... on level 4 of the Dungeon.
             The game lasted 00:08:39 (3835 turns).

Shayle the Sneak (Tengu Brigand)                    Turns: 3835, Time: 00:08:40

Health: -20/41     AC:  8    Str: 11    XL:     7   Next: 6%
Magic:  8/8        EV: 13    Int: 14    God:    Ashenzari [......]
Gold:   168        SH:  0    Dex: 15    Spells: 6/6 levels left

rFire   . . .      SeeInvis .   A - +8 demon trident "Rift" {distort, reach+}
rCold   . . .      Faith    .   (no shield)
rNeg    . . .      Spirit   .   w - +0 ring mail
rPois   .          Reflect  .   (helmet restricted)
rElec   .          Harm     .   g - +2 cloak
rCorr   +          Rampage  .   (no gloves)
Will    .....                   (boots unavailable)
Stlth   ++........              (no amulet)
HPRegen 0.13/turn               i - ring of resist corrosion
MPRegen 0.11/turn               (no ring)

@: flying quickly and evasively, quick
A: beak, talons 3, nimble flight
a: Renounce Religion


You were on level 4 of the Dungeon.
You worshipped Ashenzari.
Ashenzari was noncommittal.
You visited 2 branches of the dungeon, and saw 5 of its levels.

You collected 168 gold pieces.

Inventory:

Hand Weapons
 a - a +2 dagger
 f - a +0 short sword of venom
 o - a +4 whip
 A - the +8 demon trident "Rift" (weapon) {distort, reach+}
   (You found it on level 4 of the Dungeon)

   It warps and distorts space around it, and may blink, banish, or inflict
   extra damage upon those it strikes.
   Unwielding it can cause banishment or high damage.
   It can reach especially far, and its reaching attacks ignore other creatures
   in the way.
Missiles
 d - 9 poisoned darts (quivered)
 e - 3 curare-tipped darts
Armour
 b - a +0 robe
 g - a +2 cloak (worn)
 w - a +0 ring mail (worn)
Jewellery
 i - a ring of resist corrosion (left hand)
Scrolls
 m - 2 scrolls of immolation {unknown}
 n - a scroll of enchant weapon {unknown}
 p - a scroll of teleportation {unknown}
 r - a scroll of acquirement {unknown}
 t - a scroll of amnesia {unknown}
 u - 2 scrolls of enchant armour {unknown}
 y - a scroll of fog {unknown}
Potions
 c - a potion of haste
 h - a potion of flight
 j - 3 potions of curing
 l - a potion of heal wounds
 q - 2 potions of lignification
 s - a potion of resistance
 v - a potion of berserk rage
 x - a potion of mutation {unknown}
 z - a potion of brilliance {unknown}
 B - a potion of ambrosia {unknown}


   Skills:
 + Level 3.5 Fighting
 + Level 3.8 Short Blades
 + Level 2.3 Polearms
 + Level 3.4 Throwing
 + Level 3.3 Dodging
 + Level 5.1 Stealth


You had 6 spell levels left.
You didn't know any spells.
Your spell library contained the following spells:

 Spells                   Type           Power      Damage    Failure   Level
 Beastly Appendage        Tmut           0%         N/A       56%         1
 Wereblood                Tmut           0%         N/A       71%         2
 Gell's Gravitas          Tloc           0%         N/A       91%         3
 Lesser Beckoning         Tloc           0%         N/A       91%         3
 Spider Form              Tmut/Pois      0%         N/A       91%         3
 Teleport Other           Tloc           0%         N/A       91%         3
 Animate Armour           Summ/Erth      0%         N/A       100%        4
 Blade Hands              Tmut           0%         N/A       100%        5
 Freezing Cloud           Conj/Ice/Air   0%         6-21      100%        5
 Iron Shot                Conj/Erth      0%         9d1       100%        6
 Simulacrum               Ice/Necr       0%         N/A       100%        6
 Polar Vortex             Ice            0%         N/A       100%        9


Dungeon Overview and Level Annotations

Branches:
Dungeon (4/15)             Temple (1/1) D:4

Altars:
Ashenzari
Elyvilon
Kikubaaqudgha
Makhleb
Nemelex Xobeh
Sif Muna
Uskayaw
Vehumet
Wu Jian
Xom
The Shining One

Shops:
D:2 [   D:3 =

Annotations:
D:3 4 runed translucent doors, Crazy Yiuf; Shayle's ghost, novice TeBr
Abyss:1 Sigmund


Innate Abilities, Weirdness & Mutations

You have a beak for a mouth.
You have claws for feet.
Your magical nature lets you fly swiftly and evasively.


Message History

There is an open door here.
There is an open door here.
There is an open door here.
There is an open door here.
There is an open door here.
Partly explored, can't reach some items and places.
As you read the scroll labelled TOOCZU LOCIOWN, it crumbles to dust.
It is a scroll of identify.
j - 3 potions of curing
As you read the scroll of identify, it crumbles to dust.
q - 2 potions of lignification
As you read the scroll of identify, it crumbles to dust.
h - a potion of flight
As you read the scroll of identify, it crumbles to dust.
l - a potion of heal wounds
As you read the scroll of identify, it crumbles to dust.
s - a potion of resistance
As you read the scroll of identify, it crumbles to dust.
v - a potion of berserk rage Really fly into a travel-excluded area?
Okay, then.
Really fly into a travel-excluded area? [Y]es or [N]o only, please.
Really fly into a travel-excluded area?
Okay, then.
Really fly into a travel-excluded area?
You are engulfed in blazing flames.
You are engulfed in blazing flames.
You start resting.
HP restored.
Really fly into a travel-excluded area?
Okay, then.
Really fly into a travel-excluded area?
You are engulfed in blazing flames.
You are engulfed in blazing flames.
* * * LOW HITPOINT WARNING * * *
Unknown command.
You are engulfed in blazing flames.
Ouch! That really hurt!
You die...

#...........##.
#...........##.
################
##...#####..###
...............# #☼.§# ##.#
#####..........# #°§○# ##.#
# #..........# #§°°# #..# #
#
#.########.#####...#####..#
# #.# #..○°§.$.$.§§☼..># #
#.# #..@§..$.$..§°...# #
#.# ##.§○§..$$..○....# #
#####.# ######...#####..# #
....#.## #.§°# #..# #
.......##### #§§.# #..###
...........# #§§§# #..##.
###.######.# #...# #..##.
#.#<# #.# #.# #####. #.#.#
#.# #.##########.


There were no monsters in sight!

Vanquished Creatures
  Menkaure (D:4)
  A scorpion (D:4)
  2 iguanas (D:4)
  2 adders
  An ufetubus (D:4)
  A dart slug (D:2)
  An orc (D:3)
  8 ball pythons
  5 endoplasms
  2 giant cockroaches
  7 hobgoblins
  5 jackals (D:1)
  7 kobolds
  A quokka (D:3)
  2 bats
  4 frilled lizards
  6 rats
56 creatures vanquished.

Notes
Turn   | Place    | Note
-------+----------+-------------------------------------------
     0 | D:1      | Shayle the Tengu Brigand began the quest for the Orb.
     0 | D:1      | Reached XP level 1. HP: 12/12 MP: 2/2
    71 | D:1      | Reached XP level 2. HP: 17/17 MP: 3/3
   352 | D:1      | Found a faded altar of an unknown god.
   507 | D:1      | Reached XP level 3. HP: 18/21 MP: 4/4
  1212 | D:2      | Found Fogomm's Antique Armour Shop.
  1361 | D:2      | Found a burning altar of Makhleb.
  1897 | D:3      | Found an ornate altar of the Wu Jian Council.
  1952 | D:3      | Found a glowing golden altar of the Shining One.
  2009 | D:3      | Found Fitseh Maerr's Jewellery Shop.
  2015 | D:3      | Reached XP level 4. HP: 27/27 MP: 5/5
  2160 | D:3      | Found a runed translucent door.
  2161 | D:3      | Noticed Crazy Yiuf
  2330 | D:3      | Found a runed translucent gate.
  2330 | D:3      | Found a runed translucent gate.
  2330 | D:3      | Found a runed translucent gate.
  2435 | D:3      | Noticed Shayle's ghost (novice TeBr)
  2501 | D:4      | Found the +8 demon trident "Rift" {distort, reach+}
  2520 | D:4      | Found a staircase to the Ecumenical Temple.
  2533 | Temple   | Entered the Ecumenical Temple
  2572 | Temple   | Became a worshipper of Ashenzari the Shackled
  2601 | D:4      | Found a shimmering blue altar of Sif Muna.
  2626 | D:4      | Noticed Menkaure
  2651 | D:4      | Killed Menkaure
  2652 | D:4      | Reached skill level 1 in Polearms
  2652 | D:4      | Gained mutation: Your magical nature lets you fly swiftly
                  | and evasively. [Tengu growth]
  2652 | D:4      | Reached XP level 5. HP: 9/32 MP: 6/6
  3020 | D:4      | Noticed Sigmund
  3024 | D:4      | Banished Sigmund
  3025 | D:4      | Reached XP level 6. HP: 37/37 MP: 7/7
  3052 | D:4      | Reached skill level 5 in Stealth
  3362 | D:4      | Reached XP level 7. HP: 41/41 MP: 8/8
  3835 | D:4      | Engulfed by a cloud of flame

Illustrated notes

Levels and vault maps discovered:
D:1:      mrwooster_arrival_statue_3, layout_basic,
          ebering_ecumenical_altar_ruins, minmay_misc_feat_columns,
          minmay_splitting_lines
D:2:      layout_basic, serial_shops, shop, kennysheep_flooded_box
D:3:      layout_basic, mainiacjoe_overflow_concentric_impassable,
          nicolae_tso_carved_into_rock, serial_shops, shop,
          gammafunk_ghost_necromancy, uniq_crazy_yiuf_cottage
D:4:      layout_basic, mainiacjoe_overflow_boulevard,
          minmay_temple_entry_glass, lemuel_flame_loot_1, uniq_menkaure,
          uniq_sigmund
Temple:   jpeg_temple_clearing

Skill      XL: |  1  2  3  4  5  6 |
---------------+-------------------+-----
Dodging        | 2 3 |  3.3
Fighting       | 3 |  3.5
Short Blades   | 3 |  3.8
Polearms       | 1 2 |  2.3
Throwing       | 3 |  3.4
Stealth        | 5 |  5.1

Action                   |  1- 3 |  4- 6 |  7- 9 || total
-------------------------+-------+-------+-------++-------
Melee: Dagger            |    62 |       |       ||    62
       Kick              |    15 |     4 |       ||    19
       Peck              |    11 |       |       ||    11
       Whip              |    29 |     8 |       ||    37
       Demon trident     |       |    19 |       ||    19
  Use: Potion            |       |     1 |       ||     1
       Scroll            |       |       |     6 ||     6
 Stab: Sleeping          |     9 |     3 |       ||    12
Armor: Robe              |    19 |       |       ||    19
       Ring mail         |     2 |     9 |       ||    11
Dodge: Dodged            |    46 |    10 |       ||    56

Table legend: (Time is in decaauts)
 A = Elapsed time spent in this place.
 B = Non-inter-level travel time spent in this place.
 C = Inter-level travel time spent in this place.
 D = Time resting spent in this place.
 E = Time spent auto-exploring this place.
 F = Levels seen in this place.
 G = Mean time per level.
                   A        B        C        D        E       F      G
               +--------+--------+--------+--------+--------+-----+--------+
         Total |   3738 |   3634 |    104 |    620 |   2338 |   5 |  747.6 |
       Dungeon |   3680 |   3594 |     86 |    620 |   2310 |   4 |  920.0 |
        Temple |     57 |     39 |     18 |      0 |     28 |   1 |   57.0 |
               +--------+--------+--------+--------+--------+-----+--------+

Top non-repeatable levels by time:
     D:4: 1187 daAuts
     D:1: 1060 daAuts
     D:3: 953 daAuts
     D:2: 479 daAuts
  Temple: 57 daAuts
